 Dungeon Crawl Stone Soup version 0.22-a0-99-g1ac4c55 (webtiles) character file.

49 lemonriz the Ruffian (level 3, -2/28 HPs)
             Began as a Draconian Transmuter on Jan 25, 2018.
             Killed from afar by sankara's ghost (7 damage)
             ... with a magic dart
             ... on level 3 of the Dungeon.
             The game lasted 00:02:23 (1544 turns).

lemonriz the Ruffian (Draconian Transmuter)         Turns: 1544, Time: 00:02:23

Health: -2/28      AC:  5    Str: 12    XL:     3   Next: 53%
Magic:  5/6        EV: 12    Int: 14    God:
Gold:   149        SH:  0    Dex: 11    Spells: 0/6 levels left

rFire    . . .     SeeInvis .     - Unarmed
rCold    . . .     Gourm    .   (no shield)
rNeg     + . .     Faith    .   (armour unavailable)
rPois    .         Spirit   .   (helmet restricted)
rElec    .         Reflect  .   (no cloak)
rCorr    .         Harm     .   (no gloves)
MR       .....                  (no boots)
Stlth    +.........             (no amulet)
HPRegen  0.09/turn              k - ring of positive energy
MPRegen  0.10/turn              (no ring)

@: appendage
A: unfitting armour, horns 2, cold-blooded, AC +5
a: End Transformation


You were on level 3 of the Dungeon.
You were not hungry.
You had grown temporary horns.
You visited 1 branch of the dungeon, and saw 3 of its levels.

You collected 149 gold pieces.

Inventory:

Missiles
 a - 39 arrows
Jewellery
 k - a ring of positive energy (left hand)
Scrolls
 d - a scroll of remove curse {unknown}
 e - a scroll of magic mapping {unknown}
 f - a scroll of fog {unknown}
 g - 2 scrolls of random uselessness {unknown}
 i - 6 scrolls of identify
 m - a scroll of teleportation {unknown}
Potions
 h - a potion of mutation
 j - a potion of cancellation
 l - a potion of heal wounds {unknown}
 n - a potion of curing {unknown}
 o - 2 potions of berserk rage {unknown}
Books
 b - a book of Changes

   Spells                             Type                      Level
   a - Beastly Appendage              Transmutation                1
   b - Sticks to Snakes               Transmutation                2
   c - Spider Form                    Transmutation/Poison         3
   d - Ice Form                       Ice/Transmutation            4
   e - Blade Hands                    Transmutation                5
Comestibles
 c - 5 rations


   Skills:
 - Level 1.1 Fighting
 - Level 1.7 Dodging
 + Level 3.7 Unarmed Combat
 - Level 2.0 Spellcasting
 + Level 3.0 Transmutations
 * Level 0.9 Poison Magic


You couldn't memorise any spells.
You knew the following spells:

 Your Spells              Type           Power        Failure   Level  Hunger
a - Beastly Appendage     Tmut           #.....       7%          1    ##.....
b - Sticks to Snakes      Tmut           #.......     11%         2    ###....
c - Spider Form           Tmut/Pois      #.........   30%         3    ####...


Dungeon Overview and Level Annotations

Branches:
Dungeon (3/15)

Altars:

Annotations:
D:3 sankara's ghost, amateur DrCj


Innate Abilities, Weirdness & Mutations

Your plain brown scales are hard. (AC +5)
You cannot fit into any form of body armour.
You are cold-blooded and may be slowed by cold attacks.
You have a pair of horns on your head.


Message History

Found a stone staircase leading up.
There is a stone staircase leading down here.
l - a purple potion No target in view!
c - 4 rations (gained 1)
c - 5 rations (gained 1)
Found a stone staircase leading down.
Sankara's ghost (amateur Draconian Conjurer) comes into view.
It is wielding a weapon of protection.
Sankara's ghost turns its malevolent gaze towards you.
Sankara's ghost is nearby!
Casting: Spider Form
Confirm with . or Enter, or press ? or * to list all spells.
You grow a pair of large bovine horns.
Sankara's ghost casts a spell at you. The orb of energy hits you!
Ouch! That really hurt!
* * * LOW HITPOINT WARNING * * *
Sankara's ghost casts a spell at you. The magic dart hits you!
You die...

.......# ##...##
##.###...#.# ##.##
#.......# .# #.#
#..####.##.# #.#
...........# #.#
#...##..#W.# #.#
#..........# #.#
.........########.#
##.##....@........#
#. ##.#.##########
# #.#.# #.#.# ....#
# ###


You could see sankara's ghost.

Vanquished Creatures
  An adder (D:2)
  An ooze (D:1)
  2 ball pythons (D:1)
  3 giant cockroaches
  3 goblins (D:2)
  5 hobgoblins
  A quokka (D:2)
  5 bats
  2 frilled lizards
  3 kobolds (D:1)
  9 rats (D:1)
35 creatures vanquished.

Notes
Turn   | Place    | Note
-------+----------+-------------------------------------------
     0 | D:1      | lemonriz the Draconian Transmuter began the quest for the Orb.
     0 | D:1      | Reached XP level 1. HP: 16/16 MP: 3/3
    67 | D:1      | Reached XP level 2. HP: 19/23 MP: 5/5
   187 | D:1      | Learned a level 2 spell: Sticks to Snakes
   676 | D:2      | Reached XP level 3. HP: 27/28 MP: 6/6
   681 | D:2      | Learned a level 3 spell: Spider Form
   964 | D:2      | Found a faded altar of an unknown god.
  1533 | D:3      | Noticed sankara's ghost (amateur DrCj)
  1544 | D:3      | Killed from afar by sankara's ghost

Vault maps used:
D:1:      onia_arrival_handbag
D:2:      chequers_ecumenical_altar_island, serial_corexii_hall,
          corexii_hall_statues_i, corexii_hall_statues_t,
          corexii_hall_statues_s, corexii_hall_statues_s
D:3:      okawaru_metal_pillars_1_2

Skill      XL: |  1  2  3 |
---------------+----------+-----
Transmutations | 3 |  3.0
Fighting       | |  1.1
Dodging        | |  1.7
Unarmed Combat | |  3.7
Spellcasting   | |  2.0
Poison Magic   | |  0.9

Action                   || total
-------------------------++-------
Melee: Unarmed           ||   117
       Tailslap          ||    11
       Punch             ||     2
       Headbutt          ||     1
 Cast: Beastly Appendage ||     2
       Spider Form       ||     1
  Use: Scroll            ||     2
 Stab: Sleeping          ||     1
  Eat: Chunk             ||     2
Armor: Skin              ||    29
Dodge: Dodged            ||    79

Table legend:
 A = Spawn XP
 B = Non-spawn XP
 C = Spawn XP percentage of total XP
 D = Spawn monster count
 E = Non-spawn monster count
 F = Spawn count percentage of total count
 G = Total turns spent on level
                    A         B        C        D         E        F      G
               +---------+---------+-------+---------+---------+-------+---------
         Total |       0 |      71 |   0.0 |       0 |      35 |   0.0 |  1544
               +---------+---------+-------+---------+---------+-------+---------
           D:1 |       0 |      39 |   0.0 |       0 |      23 |   0.0 |   650
           D:2 |       0 |      32 |   0.0 |       0 |      12 |   0.0 |   821
               +---------+---------+-------+---------+---------+-------+---------
